AoeStats
← Cinnamoroll

Hill Fort

505998849Analyzed
4v4 RM · 20d ago on Sep 12, 2026· 12m 8s· 8 players
Game mode
Random Map
Map size
Large (8 player)
Population
200
Speed
Normal
Resources
Standard
Victory
Conquest
Starting age
Dark Age
Ending age
Imperial Age
RankedLock teamsTeams togetherTeam positionsShared explorationLock speedFull tech treeHidden civsTurbo modeCheats
Victory
Defeat
🇧🇪 Mongols · Belgium
1613
+12
🇸🇻 Mapuche · El Salvador
1552
+15
🇺🇸 Burgundians · United States
1517
+16
🇪🇸 Persians · Spain
1475
+19
🇨🇳 Koreans · China
1536
-16
🇬🇧 Sicilians · United Kingdom
1530
-16
🇨🇦 Spanish · Canada
1525
-15
🇨🇳 Lithuanians · China
1524
-15
Cinnamoroll
6:40 Loom
9:54 Feudal Age
10:37 Double-Bit Axe
超级硬邦邦
10:51 Feudal Age
10:21 Loom
chenst2020
11:18 Feudal Age
Frankie Fast Hands
6:24 Loom
8:45 Feudal Age
10:23 Double-Bit Axe
machpatel
3:41 Double-Bit Axe
8:32 Horse Collar
11:55 Feudal Age
Foskito
8:25 Feudal Age
9:28 Loom
10:26 Double-Bit Axe
Sir_Piñeiro
11:11 Feudal Age
12:11 Double-Bit Axe
RohanAoE
11:04 Feudal Age
Connection lost

Rejoining the realm…

Still unreachable

The connection could not be restored.

Session expired

The server has moved on; the page needs a fresh start.